 Dungeon Crawl Stone Soup version 0.32-a0-18-g89e19f1974 (webtiles) character file.

Game seed: 11293993609731725414

3490 BigPumpCobain the Basher (level 9, -2/82 HPs)
             Began as a Minotaur Berserker on Jan 16, 2024.
             Was an Elder of Trog.
             Slain by a yak (4 damage)
             ... while petrified by a basilisk
             ... on level 8 of the Dungeon.
             The game lasted 00:10:30 (6271 turns).

BigPumpCobain the Basher (Minotaur Berserker)       Turns: 6271, Time: 00:10:30

Health: -2/82      AC: 11    Str: 25    XL:     9   Next: 80%
Magic:  8/8        EV:  2    Int:  4    God:    Trog [****..]
Gold:   452        SH:  0    Dex: 11    Spells: 8/8 levels left

rFire   . . .        g - +3 whip (elec)
rCold   . . .        (no shield)
rNeg    + + +        e - +1 scale mail
rPois   ∞            (helmet restricted)
rElec   .            (no cloak)
rCorr   .            (no gloves)
SInv    .            s - +1 pair of boots
Will    .....        v - amulet of reflection Stlth
                     k - ring of positive energy
HPRegen 0.33/turn    (no ring)
MPRegen 0.11/turn

%: reflection
@: lethally poisoned (-2 -> -2), petrified, on berserk cooldown, slowed
A: horns 2, retaliatory headbutt
a: Renounce Religion, Berserk, Trog's Hand, Brothers in Arms


You were on level 8 of the Dungeon.
You worshipped Trog.
Trog was greatly pleased with you.
You visited 1 branch of the dungeon, and saw 8 of its levels.
You also visited: Sewer.

You collected 452 gold pieces.

Inventory:

Hand Weapons
 a - a +0 mace
 g - a +3 whip of electrocution (weapon)
 m - a +3 flail of draining
Missiles
 o - 12 boomerangs (quivered)
Armour
 e - a +1 scale mail (worn)
 s - a +1 pair of boots (worn)
Jewellery
 k - a ring of positive energy (left hand)
 v - an amulet of reflection (around neck)
Wands
 p - a wand of flame (16)
 y - a wand of acid (18)
 B - a wand of iceblast (3)
Scrolls
 c - 9 scrolls of teleportation
 i - 2 scrolls of revelation
 l - a scroll of vulnerability
 t - a scroll of summoning {unknown}
 u - 3 scrolls of blinking
 w - a scroll of immolation
Potions
 b - 3 potions of brilliance
 d - a potion of ambrosia
 f - 2 potions of curing
 h - a potion of degeneration
 j - a potion of resistance
 n - 2 potions of heal wounds
 q - a potion of lignification
 r - a potion of cancellation {unknown}
 z - 3 potions of enlightenment
 A - a potion of attraction {unknown}
 C - a potion of might {unknown}
Miscellaneous
 x - a lightning rod (4/4)


   Skills:
 + Level 8.6 Fighting
 * Level 11.6 Maces & Flails
 + Level 4.9 Throwing
 + Level 8.1 Armour
 - Level 2.1 Dodging


You had 8 spell levels left.
You didn't know any spells.
Your spell library was empty.

Dungeon Overview and Level Annotations

Branches:
Dungeon (8/15)             Temple (0/1) D:7            Lair (0/5) D:8
  Sewer (visited)

Altars:
Cheibriados
Elyvilon
Fedhas
Gozag
Hepliaklqana
Sif Muna
Uskayaw
Wu Jian
Zin

Shops:
D:4 (   D:7 [


Innate Abilities, Weirdness & Mutations

You have a pair of horns on your head.
You reflexively headbutt those who attack you in melee.


Message History

The water moccasin poisons you! The yak gores you!
You have turned to stone.
The wyvern bites you but does no damage.
The water moccasin bites you but does no damage.
The wyvern bites you but does no damage.
The yak gores you but does no damage.
The water moccasin bites you but does no damage.
The wyvern bites you!
The water moccasin bites you but does no damage.
The yak gores you but does no damage.
The wyvern bites you but does no damage.
The water moccasin bites you!
The wyvern bites you but does no damage.
The yak gores you!
The water moccasin bites you but does no damage.
The water moccasin bites you.
* * * LOW HITPOINT WARNING * * *
The wyvern bites you!
* * * LOW HITPOINT WARNING * * *
The water moccasin bites you but does no damage.
The water moccasin bites you!
* * * LOW HITPOINT WARNING * * *
The yak gores you.
* * * LOW HITPOINT WARNING * * *
You are no longer berserk.
You feel yourself slow down. The wyvern bites you.
* * * LOW HITPOINT WARNING * * *
The water moccasin bites you!
* * * LOW HITPOINT WARNING * * *
The water moccasin bites you.
* * * LOW HITPOINT WARNING * * *
The wyvern bites you.
* * * LOW HITPOINT WARNING * * *
The yak gores you. The water moccasin bites you.
* * * LOW HITPOINT WARNING * * *
The water moccasin bites you but does no damage.
The wyvern bites you!
* * * LOW HITPOINT WARNING * * *
The yak gores you!
You die...

#.######.#..<..
######.....##.....#...#
##..#.......#......#.#..
#...#.....#..........P..
#.<.....##..#.......P..
##.......##..#..##......
.###..#...#...#†........
......#........SYS.....P
...####......#.†@k......
.............#....PPP.P.
.......................>
....................PP.♣
..#.............P.P♣....
#.#.##......#...#.P...P♣
....# ..................
....#........... #P...P.
...........


You could see a yak, 2 water moccasins and a wyvern.

Vanquished Creatures
  Prince Ribbit (D:5)
  3 yaks (D:8)
  A wyvern (D:8)
  A basilisk (D:8)
  3 water moccasins
  2 ice beasts
  A black bear (D:5)
  2 sky beasts (D:7)
  2 crocodiles (Sewer)
  2 ogres
  A centaur (D:6)
  The ghost of sokol815 the Poker, an amateur OpGl (D:3)
  A kobold brigand (D:6)
  A phantom (D:5)
  A bullfrog (D:6)
  A gnoll sergeant (D:5)
  3 scorpions
  A howler monkey (D:5)
  2 bombardier beetles (D:4)
  An orc priest (D:3)
  2 gnoll boudas (D:7)
  4 hounds
  2 iguanas
  Ijyb (D:3)
  A sleepcap (D:5)
  3 orc wizards
  A malarious merfolk avatar (Sewer)
  A sickly merfolk siren (Sewer)
  15 gnolls
  9 adders
  A river rat (Sewer)
  3 dart slugs
  4 ribbon worms
  20 orcs
  7 ball pythons
  2 bats (D:1)
  4 endoplasms
  4 giant cockroaches
  6 goblins
  3 hobgoblins
  2 jackals (D:1)
  11 kobolds
  3 quokkas
  12 frilled lizards
  25 rats
177 creatures vanquished.

Notes
Turn   | Place    | Note
-------+----------+-------------------------------------------
     0 | D:1      | BigPumpCobain the Minotaur Berserker began the quest for
                  | the Orb.
     0 | D:1      | Reached XP level 1. HP: 19/19 MP: 0/0
   167 | D:1      | Reached skill level 4 in Maces & Flails
   246 | D:1      | Reached XP level 2. HP: 24/27 MP: 1/1
   895 | D:2      | Reached ** piety under Trog
   904 | D:2      | Reached XP level 3. HP: 31/33 MP: 2/2
   982 | D:2      | Found a hide-covered altar of Uskayaw.
  1330 | D:3      | Noticed Ijyb
  1333 | D:3      | Killed Ijyb
  1334 | D:3      | Reached skill level 5 in Maces & Flails
  1334 | D:3      | Reached XP level 4. HP: 41/41 MP: 3/3
  1423 | D:3      | Reached XP level 5. HP: 33/47 MP: 4/4
  1570 | D:3      | Found a faded altar of an unknown god.
  1591 | D:3      | Found a runed translucent door.
  1591 | D:3      | Noticed sokol815's ghost (amateur OpGl)
  1939 | D:3      | Killed sokol815's ghost
  1940 | D:3      | Reached skill level 5 in Fighting
  1940 | D:3      | Reached skill level 6 in Maces & Flails
  2051 | D:4      | Found an opulent altar of Gozag.
  2076 | D:4      | Found a white marble altar of Elyvilon.
  2170 | D:4      | Reached XP level 6. HP: 34/56 MP: 5/5
  2299 | D:4      | Found a blossoming altar of Fedhas.
  2362 | D:4      | Found a glowing drain.
  2382 | Sewer    | Entered a sewer
  2402 | Sewer    | Reached *** piety under Trog
  2570 | Sewer    | Reached skill level 7 in Maces & Flails
  2627 | Sewer    | Reached XP level 7. HP: 15/62 MP: 6/6
  2628 | Sewer    | Reached skill level 5 in Armour
  2809 | Sewer    | Reached **** piety under Trog
  3305 | D:4      | Found Emiuwk's Weapon Boutique.
  3634 | D:5      | Entered Level 5 of the Dungeon
  3654 | D:5      | Reached skill level 8 in Maces & Flails
  3662 | D:5      | Reached skill level 1 in Throwing
  3672 | D:5      | Reached XP level 8. HP: 71/71 MP: 7/7
  3844 | D:5      | Found a snail-covered altar of Cheibriados.
  3909 | D:5      | Reached skill level 9 in Maces & Flails
  4165 | D:5      | Noticed Prince Ribbit
  4180 | D:5      | Killed Prince Ribbit
  4258 | D:5      | Found a hazy altar of Hepliaklqana.
  4401 | D:6      | Found an ornate altar of the Wu Jian Council.
  4602 | D:6      | Reached skill level 10 in Maces & Flails
  4760 | D:6      | Identified the +1 short sword of Kuguuzytz {freeze, rElec}
  4901 | D:6      | Reached XP level 9. HP: 79/79 MP: 8/8
  4917 | D:6      | Found a glowing silver altar of Zin.
  4917 | D:6      | Noticed an angel
  5313 | D:7      | Found Gifaad's Armour Boutique.
  5438 | D:7      | Found a shimmering blue altar of Sif Muna.
  5804 | D:7      | Reached ***** piety under Trog
  5975 | D:7      | Found a staircase to the Ecumenical Temple.
  6243 | D:8      | Reached skill level 11 in Maces & Flails
  6265 | D:8      | Found a staircase to the Lair.
  6271 | D:8      | HP: 2/82 [wyvern (5)]
  6271 | D:8      | Slain by a yak

Illustrated notes

Levels and vault maps discovered:
D:1:      dpeg_arrival_round_c, layout_basic, minmay_3d_cube
D:2:      layout_rooms, basic_altar
D:3:      layout_loops_ring, nicolae_ecumenical_lake_church,
          ebering_ghost_inner_flame, uniq_ijyb
D:4:      layout_loops_ring, fedhas_altar_2, mainiacjoe_overflow_catwalk,
          grunt_gozag_breadcrumbs, serial_shops, shop, portal_sewer_entry_d
D:5:      layout_rooms, mainiacjoe_overflow_chevrons,
          nzn_hepliaklqana_mist_gate, eino_small_chamber_without_monster,
          wad_floor_pattern_1, minmay_tree_intersection, serial_bayou_pond_c,
          uniq_prince_ribbit1
D:6:      layout_gridville, zin_angel,
          mainiacjoe_overflow_concentric_impassable, grunt_ministairs_1,
          nicolae_fountain_basement
D:7:      layout_layer_cave, mainiacjoe_overflow_boulevard,
          minmay_temple_entry_glass, serial_shops, shop, nicolae_letterblocks
          [nicolae_letter_subblock, nicolae_letter_subblock,
          nicolae_letter_subblock, nicolae_letter_subblock,
          nicolae_letter_subblock, nicolae_letter_subblock,
          nicolae_letter_subblock, nicolae_letter_subblock,
          nicolae_letter_subblock, nicolae_letter_subblock,
          nicolae_letter_subblock, nicolae_letter_subblock,
          nicolae_letter_subblock, nicolae_letter_subblock,
          nicolae_letter_subblock, nicolae_letter_subblock,
          nicolae_letter_subblock, nicolae_letter_subblock,
          nicolae_letter_subblock, nicolae_letter_subblock,
          nicolae_letter_subblock, nicolae_letter_subblock,
          nicolae_letter_subblock, nicolae_letter_subblock,
          nicolae_letter_subblock]
D:8:      layout_cave_pools, nicolae_overflow_hidden_temple,
          minmay_lair_entry_grove, serial_shops,
          nicolae_shop_tiny_real_fake_doors

Skill      XL: |  1  2  3  4  5  6  7  8  9 |
---------------+----------------------------+-----
Maces & Flails | 4 5 6 7 8 10 11 | 11.6
Fighting       | 4 5 6 7 8 |  8.6
Armour         | 3 4 5 7 8 |  8.1
Throwing       | 1 3 4 |  4.9
Dodging        | |  2.1

Action                     |  1- 3 |  4- 6 |  7- 9 || total
---------------------------+-------+-------+-------++-------
  Melee: Mace              |    28 |       |       ||    28
         Headbutt          |     9 |    24 |    32 ||    65
         Whip              |    42 |   162 |   212 ||   416
         Punch             |       |       |     2 ||     2
  Throw: Boomerang         |       |       |     5 ||     5
 Invoke: Berserk           |       |     1 |     3 ||     4
  Evoke: Lightning rod     |       |     4 |       ||     4
    Use: Scroll            |     1 |       |    18 ||    19
 Armour: Animal skin       |    17 |       |       ||    17
         Scale mail        |    26 |    80 |   149 ||   255
  Dodge: Dodged            |    30 |    37 |    45 ||   112
  Block: Other             |       |    22 |    25 ||    47

Table legend: (Time is in decaauts)
 A = Elapsed time spent in this place.
 B = Non-inter-level travel time spent in this place.
 C = Inter-level travel time spent in this place.
 D = Time resting spent in this place.
 E = Time spent auto-exploring this place.
 F = Levels seen in this place.
 G = Mean time per level.
                   A        B        C        D        E       F      G
               +--------+--------+--------+--------+--------+-----+--------+
         Total |   6238 |   5977 |    261 |    105 |   4899 |   9 |  693.1 |
       Dungeon |   5578 |   5317 |    261 |      2 |   4572 |   8 |  697.2 |
         Sewer |    659 |    659 |      0 |    102 |    326 |   1 |  659.0 |
               +--------+--------+--------+--------+--------+-----+--------+

Top non-repeatable levels by time:
     D:7: 1151 daAuts
     D:4: 993 daAuts
     D:1: 864 daAuts
     D:3: 760 daAuts
     D:5: 730 daAuts
   Sewer: 659 daAuts
     D:6: 620 daAuts
     D:2: 383 daAuts
     D:8: 74 daAuts
